 Dungeon Crawl Stone Soup version 0.29-a0-474-gdfe5cd140f (webtiles) character file.

Game seed: 11709615858519157355

6117 Bruhh the Fighter (level 10, 0/93 HPs)
             Began as a White Draconian Transmuter on May 23, 2022.
             Was a Follower of Ru.
             Slain by a wraith (4 damage)
             ... on level 9 of the Dungeon on May 24, 2022.
             The game lasted 00:16:49 (13809 turns).

Bruhh the Fighter (White Draconian Transmuter)     Turns: 13809, Time: 00:16:49

Health: 0/93       AC:  2    Str: 13    XL:     10   Next: 58%
Magic:  16/17      EV: 19    Int: 17    God:    Ru [*.....]
Gold:   433        SH:  0    Dex: 17    Spells: 11/19 levels left

rFire   . . .      SeeInvis +     - Unarmed
rCold   . . .      Faith    .   (shield currently unavailable)
rNeg    . . .      Spirit   .   (body armour unavailable)
rPois   x          Reflect  .   (helmet currently unavailable)
rElec   .          Harm     .   (cloak currently unavailable)
rCorr   .          Rampage  .   (gloves currently unavailable)
Will    .....                   (boots currently unavailable)
Stlth   ++........              (no amulet)
HPRegen 0.25/turn               e - ring of see invisible
MPRegen 0.15/turn               (no ring)

@: spider-form (expiring), slowed, unable to drink, very slow
A: venomous fangs, (breathe frost), AC +7, tiny, unfitting armour, (cold
resistance 1), (cold-blooded), inability to drink while threatened
a: End Transformation, Renounce Religion


You were on level 9 of the Dungeon.
You worshipped Ru.
Ru was aware of your devotion.
You were a venomous arachnid creature.
You visited 2 branches of the dungeon, and saw 10 of its levels.

You collected 433 gold pieces.

Inventory:

Missiles
 A - a throwing net
Armour
 d - a +0 pair of gloves (melded)
 r - a +0 pair of boots (melded)
 B - an orb of wrath (melded)
Jewellery
 e - a ring of see invisible (left front leg)
 o - a ring of ice
 v - a +6 ring of strength
 D - an amulet of reflection
Wands
 y - a wand of iceblast (12) (quivered)
Scrolls
 b - 3 scrolls of fog
 c - 5 scrolls of identify
 g - a scroll of immolation
 h - a scroll of amnesia {unknown}
 i - a scroll of magic mapping
 l - 3 scrolls of enchant armour {unknown}
 m - 4 scrolls of vulnerability {unknown}
 n - 6 scrolls of teleportation
 q - a scroll of summoning {unknown}
 t - a scroll of poison {unknown}
 w - 3 scrolls of fear {unknown}
 z - 2 scrolls of noise {unknown}
Potions
 a - a potion of heal wounds {unknown}
 f - 3 potions of haste
 j - a potion of degeneration {unknown}
 k - 8 potions of curing {unknown}
 p - a potion of attraction {unknown}
 s - 3 potions of brilliance {unknown}
 u - a potion of resistance {unknown}
 x - a potion of flight {unknown}
 C - a potion of berserk rage {unknown}


   Skills:
 - Level 10.0 Fighting
 - Level 1.7 Dodging
 - Level 10.0 Unarmed Combat
 - Level 5.0 Spellcasting
 + Level 6.1 Transmutations
 + Level 6.2 Ice Magic


You had 11 spell levels left.
You knew the following spells:

 Your Spells              Type           Power      Damage    Failure   Level
a - Beastly Appendage     Tmut           50%        N/A       5%          1
b - Spider Form           Tmut/Pois      14%        N/A       28%         3
c - Ice Form              Ice/Tmut       25%        N/A       26%         4

Your spell library contained the following spells:

 Spells                   Type           Power      Damage    Failure   Level
 Wereblood                Tmut           25%        N/A       7%          2
 Apportation              Tloc           8%         N/A       32%         1
 Magic Dart               Conj           16%        1d3       32%         1
 Necrotize                Necr           16%        1d4       32%         1
 Summon Small Mammal      Summ           16%        N/A       32%         1
 Searing Ray              Conj           8%         2d4       43%         2
 Stone Arrow              Conj/Erth      8%         3d7       61%         3
 Anguish                  Hex/Necr       2%         N/A       92%         4
 Fulminant Prism          Conj/Hex       2%         3d6       92%         4
 Enfeeble                 Hex            2%         N/A       100%        7
 Lehudib's Crystal Spear  Conj/Erth      2%         10d2      100%        8
 Animate Armour           Summ/Erth      Unusable   N/A       N/A         4

Dungeon Overview and Level Annotations

Branches:
Dungeon (9/15)             Temple (1/1) D:5
   Lair: D:8-11         Orc: D:9-12

Altars:
Ashenzari
Cheibriados
Dithmenos
Elyvilon
Fedhas
Gozag
Kikubaaqudgha
Makhleb
Nemelex Xobeh
Okawaru
Qazlal
Ru
Sif Muna
Trog
Uskayaw
Vehumet
Wu Jian
Xom
Yredelemnul
Zin
The Shining One

Shops:
D:1 [   D:4 (   D:5 :   D:7 :


Innate Abilities, Weirdness & Mutations

You are a venomous arachnid creature.
You have poisonous fangs.
You are tiny and dextrous.
Your spellcasting is less reliable in this form.
Your armour is entirely melded.
You are incapable of wielding weapons or throwing items.
((You can breathe waves of freezing cold which knock back foes.))
((Your icy white scales are hard. (AC +7)))
You cannot fit into any form of body armour.
((Your flesh is cold resistant. (rC+)))
((You are cold-blooded and may be slowed by cold attacks.))
You sometimes lose the ability to drink potions when taking damage.


Message History

The centaur kicks you but does no damage.
The wraith hits you! The wraith drains your vigour!
You feel yourself slow down. The centaur barely misses you.
The centaur kicks you.
You bite the centaur!
The centaur looks as sick as possible!
The centaur is severely wounded.
The centaur completely misses you. The centaur barely misses you.
The wraith barely misses you.
You hit the centaur.
The centaur looks as sick as possible!
The centaur is almost dead.
The centaur hits you. The centaur kicks you. The wraith hits you!
* * * LOW HITPOINT WARNING * * *
The centaur misses you. The centaur barely misses you.
The wraith closely misses you.
You hit the centaur.
You kill the centaur!
Your transformation is almost over.
The wraith hits you.
* * * LOW HITPOINT WARNING * * *
The wraith drains your vigour!
You feel as though you will be slow longer.
You cannot drink potions in your current state!
You bite the wraith!
The wraith is moderately damaged.
The wraith hits you!
* * * LOW HITPOINT WARNING * * *
Okay, then.
You hit the wraith.
The wraith is moderately damaged.
The wraith closely misses you.
You hit the wraith.
The wraith is heavily damaged.
The wraith completely misses you. The wraith hits you.
* * * LOW HITPOINT WARNING * * *
The wraith drains your vigour!
You feel as though you will be slow longer.
You hit the wraith.
The wraith is heavily damaged.
The wraith hits you.
You die...

... ...
...
#.###
#.#.#
#.#.#
#...#♣.♣
#)W...♣
#s#.#♣.♣
#.# #.#
# #.#
#.# #(#
#.# #.#
#.# #.#
#.# #.#
#.# #.#
#.#
###<#
#.#


You could see a wraith.

Vanquished Creatures
  A two-headed ogre (D:9)
  A manticore (D:7)
  A gargoyle (D:7)
  Grinder (D:5)
  A slime creature (D:7)
  A shadow (D:7)
  A wyvern (D:7)
  A basilisk (D:7)
  An acid dragon (D:9)
  2 water moccasins
  An ice beast (D:5)
  An orc warrior (D:7)
  4 sky beasts
  A black bear (D:7)
  2 centaurs
  A phantom (D:6)
  2 kobold brigands (D:7)
  4 bullfrogs
  2 necrophages
  A gnoll sergeant (D:7)
  5 scorpions
  8 wights
  9 killer bees
  A howler monkey (D:8)
  A bullfrog zombie (D:4)
  4 hounds
  An iron imp (D:8)
  2 orc priests
  2 jellies
  2 gnoll shamans
  6 iguanas
  2 scorpion zombies (D:4)
  11 orc wizards
  4 hound zombies (D:4)
  3 hound skeletons (D:4)
  A howler monkey zombie (D:4)
  A howler monkey skeleton (D:4)
  6 gnolls
  7 adders
  An ufetubus (D:6)
  2 adder zombies (D:4)
  2 adder skeletons (D:4)
  2 worms
  31 orcs
  4 ball pythons
  16 endoplasms
  8 giant cockroaches
  5 goblins
  7 hobgoblins
  3 jackals
  A quokka (D:3)
  4 bats
  3 frilled lizards
  14 kobolds
  2 quokka zombies (D:4)
  4 rats
215 creatures vanquished.

Vanquished Creatures (others)
  41 plants
41 creatures vanquished.

Grand Total: 256 creatures vanquished

Notes
Turn   | Place    | Note
-------+----------+-------------------------------------------
     0 | D:1      | Bruhh the Draconian Transmuter began the quest for the Orb.
     0 | D:1      | Reached XP level 1. HP: 16/16 MP: 3/3
   304 | D:1      | Reached XP level 2. HP: 24/24 MP: 5/5
   762 | D:1      | Reached XP level 3. HP: 23/29 MP: 4/6
   992 | D:1      | Found Xeucrudi's Antique Armour Shop.
  1060 | D:1      | Found a faded altar of an unknown god.
  2195 | D:2      | Reached XP level 4. HP: 15/37 MP: 5/8
  2205 | D:2      | Learned a level 3 spell: Spider Form
  2905 | D:3      | Reached XP level 5. HP: 41/44 MP: 7/9
  3531 | D:4      | Found Disoughi's Weapon Boutique.
  3779 | D:4      | Reached XP level 6. HP: 50/51 MP: 11/11
  4772 | D:4      | Your scales start taking on an icy white colour.
  4772 | D:4      | Reached XP level 7. HP: 56/60 MP: 13/13
  4772 | D:4      | Gained mutation: Your flesh is cold resistant. (rC+) [White
                  | Draconian growth]
  4802 | D:4      | Reached skill level 5 in Unarmed Combat
  4911 | D:4      | You fall into a shaft and drop 1 floor!
  4911 | D:5      | Entered Level 5 of the Dungeon
  5380 | D:5      | Reached skill level 5 in Fighting
  5402 | D:5      | Found Orauhiu's Book Boutique.
  5443 | D:5      | Reached skill level 5 in Spellcasting
  5606 | D:5      | Found an iron altar of Okawaru.
  5619 | D:5      | Found a white marble altar of Elyvilon.
  5639 | D:5      | Reached XP level 8. HP: 70/70 MP: 13/15
  5699 | D:5      | Found a staircase to the Ecumenical Temple.
  5726 | Temple   | Entered the Ecumenical Temple
  5734 | Temple   | Became a worshipper of Ru the Awakened
  6066 | D:5      | Noticed Grinder
  6067 | D:5      | Paralysed by Grinder for 3 turns
  6076 | D:5      | Paralysed by Grinder for 4 turns
  6081 | D:5      | Killed Grinder
  6285 | D:5      | Found a shimmering altar of Xom.
  7912 | D:6      | Reached XP level 9. HP: 77/81 MP: 12/16
  8466 | D:7      | Found Ituohelu's Book Shoppe.
  8562 | D:7      | Noticed a gargoyle
  8626 | D:6      | Gained mutation: You sometimes lose the ability to drink
                  | potions when taking damage. [Ru sacrifice]
  8626 | D:6      | Reached * piety under Ru
  8927 | D:7      | Noticed a manticore
 10601 | D:6      | Learned a level 4 spell: Ice Form
 10684 | D:7      | Killed a gargoyle
 10685 | D:7      | Reached skill level 10 in Fighting
 11056 | D:7      | Reached skill level 10 in Unarmed Combat
 11103 | D:7      | Reached skill level 1 in Ice Magic
 11166 | D:7      | Reached XP level 10. HP: 93/93 MP: 17/17
 11335 | D:7      | Killed a manticore
 12061 | D:7      | Found a broken altar of Ashenzari.
 12639 | D:8      | Reached skill level 5 in Transmutations
 13473 | D:8      | Found a snail-covered altar of Cheibriados.
 13549 | D:8      | Reached skill level 5 in Ice Magic
 13708 | D:9      | Found a glowing golden altar of the Shining One.
 13791 | D:9      | Noticed a two-headed ogre
 13800 | D:9      | Killed a two-headed ogre
 13808 | D:9      | HP: 3/93 [wraith (5)]
 13809 | D:9      | Slain by a wraith

Illustrated notes

Levels and vault maps discovered:
D:1:      onia_arrival_pentagram, layout_basic,
          shapermc_ecumenical_altar_totnotflames, serial_shops, shop
D:2:      layout_basic
D:3:      layout_loops_cross, chequers_arboretum
D:4:      layout_rooms, serial_shops, nicolae_stop_n_shop_2, serial_undead,
          serial_undead_c, serial_undead_d, serial_undead_a, serial_undead_d,
          serial_undead_e, serial_undead_c, minmay_bent
D:5:      layout_cave_pools, mainiacjoe_overflow_surrounded_room,
          kennysheep_mini_moat, mainiacjoe_overflow_cross_hatched,
          minmay_temple_entry_sparse_star, serial_shops,
          nicolae_take_the_stairs, uniq_grinder
D:6:      layout_basic, minmay_misc_feat_square
D:7:      minmay_the_grid_octo_2x2 [minmay_the_grid_octo_thin_diamonds,
          minmay_the_grid_octo_chip, minmay_the_grid_octo_toaster,
          minmay_the_grid_octo_prize_ultimate_mussel_roller], layout_basic,
          lemuel_tele_altar, serial_shops, shop, serial_bayou_pond_a
D:8:      layout_loops_ring, chei_slow_surprise
D:9:      nzn_winding_woodlands_large [nzn_winding_woodlands_hourglass,
          nzn_winding_woodlands_5x15_longhouse, nzn_winding_woodlands_5x5_three,
          nzn_winding_woodlands_center_pierced_h,
          nzn_winding_woodlands_15x15_five_gardens,
          nzn_winding_woodlands_center_diamonds,
          nzn_winding_woodlands_5x5_perimeter,
          nzn_winding_woodlands_5x15_crooked,
          nzn_winding_woodlands_5x5_checkerboard], layout_loops_ring,
          tso_metal_star
Temple:   nicolae_temple_no_exploring_needed

Skill      XL: |  1  2  3  4  5  6  7  8  9 10 |
---------------+-------------------------------+-----
Fighting       | 2 3 4 5 8 10 | 10.0
Spellcasting   | 3 4 5 |  5.0
Transmutations | 3 6 |  6.1
Unarmed Combat | 4 6 7 10 | 10.0
Ice Magic      | 1 6 |  6.2
Dodging        | |  1.7

Action                   |  1- 3 |  4- 6 |  7- 9 | 10-12 || total
-------------------------+-------+-------+-------+-------++-------
Melee: Unarmed           |    99 |   236 |   326 |   149 ||   810
       Tailslap          |     9 |    29 |    42 |    17 ||    97
       Kick              |    12 |    36 |    25 |       ||    73
       Punch             |     1 |     8 |     5 |       ||    14
       Headbutt          |     9 |    21 |    26 |       ||    56
 Cast: Beastly Appendage |    22 |    25 |    29 |     1 ||    77
       Spider Form       |       |     2 |    11 |     1 ||    14
Invok: Sacrifice Drink   |       |       |     1 |       ||     1
 Abil: Breathe Frost     |       |       |     3 |     1 ||     4
Evoke: Wand              |       |       |       |     7 ||     7
  Use: Potion            |     1 |     1 |       |       ||     2
       Scroll            |       |       |     2 |     3 ||     5
 Stab: Sleeping          |       |       |       |     2 ||     2
Armor: Skin              |    29 |    69 |    93 |    32 ||   223
Dodge: Dodged            |    53 |   158 |   221 |    82 ||   514

Table legend: (Time is in decaauts)
 A = Elapsed time spent in this place.
 B = Non-inter-level travel time spent in this place.
 C = Inter-level travel time spent in this place.
 D = Time resting spent in this place.
 E = Time spent auto-exploring this place.
 F = Levels seen in this place.
 G = Mean time per level.
                   A        B        C        D        E       F      G
               +--------+--------+--------+--------+--------+-----+--------+
         Total |  13935 |  13663 |    272 |   4453 |   7258 |  10 | 1393.5 |
       Dungeon |  13918 |  13646 |    272 |   4453 |   7258 |   9 | 1546.4 |
        Temple |     16 |     16 |      0 |      0 |      0 |   1 |   16.0 |
               +--------+--------+--------+--------+--------+-----+--------+

Top non-repeatable levels by time:
     D:6: 3476 daAuts
     D:7: 2300 daAuts
     D:4: 1550 daAuts
     D:8: 1383 daAuts
     D:3: 1361 daAuts
     D:2: 1340 daAuts
     D:1: 1241 daAuts
     D:5: 1124 daAuts
     D:9: 141 daAuts
  Temple: 16 daAuts
